AoeStats
← VIT Liereyy

Arabian Desert

510735019Analyzed
1v1 RM · 7h ago on Oct 2, 2026· 37m 22s· 2 players
Game mode
Random Map
Map size
Tiny (2 player)
Population
200
Speed
Normal
Resources
Standard
Victory
Conquest
Starting age
Dark Age
Ending age
Imperial Age
RankedLock teamsTeams togetherTeam positionsShared explorationLock speedFull tech treeHidden civsTurbo modeCheats
Victory
Defeat
🇫🇷 Khmer · France
2594
+29
🇦🇹 Aztecs · Austria
2984
-29
VIT Liereyy
6:23 Loom
9:15 Feudal Age
9:20 Man-at-Arms
10:22 Double-Bit Axe
13:49 Padded Archer Armor
14:55 Fletching
21:18 Castle Age
20:51 Horse Collar
21:18 Crossbowman
21:59 Bodkin Arrow
23:00 Bow Saw
24:20 Town Watch
26:11 Ballistics
26:03 Scale Mail Armor
28:51 Sanctity
30:17 Redemption
32:58 Fervor
36:16 Wheelbarrow
OS+ | NeoZz
7:40 Feudal Age
8:15 Double-Bit Axe
8:35 Loom
8:41 Loom
9:27 Loom
11:08 Fletching
14:34 Horse Collar
22:05 Castle Age
20:56 Bloodlines
21:48 Scale Barding Armor
22:06 Forging
22:16 Light Cavalry
25:02 Husbandry
25:38 Heavy Plow
28:27 Gold Mining
28:49 Bow Saw
29:55 Ballistics
31:45 Chain Barding Armor
32:55 Wheelbarrow
Connection lost

Rejoining the realm…

Still unreachable

The connection could not be restored.

Session expired

The server has moved on; the page needs a fresh start.